#-#, chaotic female elven Priestess e 1 e e 0 --------- |.I.1...| -----.|.--- 1.^I|.... -------.. . #-# the Acolyte Experience level: 5 Strength: 13 Dexterity: 11 Constitution: 16 Intelligence: 10 Wisdom: 17 Charisma: 10 Health: 0(30) Energy: 62(62) Def: 9 Gold: 76 Moves: 4574 Dungeon seed: sbx7idY9gASMudlT Game ID: #-#_1580298035 Your Inventory: Coins $ - 76 gold pieces Amulets A - an uncursed amulet of reflection (being worn) Weapons a - a blessed +1 mace (weapon in hand) C - 3 uncursed +0 daggers of stealth (in quiver) K - 32 uncursed +0 darts Armor e - an uncursed +0 robe (being worn) n - an uncursed +0 small shield (being worn) y - an uncursed +1 pair of iron shoes (being worn) N - an uncursed +0 dwarvish iron helm (being worn) V - an uncursed +0 pair of leather gloves (being worn) Comestibles c - an uncursed clove of garlic d - 2 uncursed sprigs of wolfsbane z - an uncursed food ration O - an uncursed tin of acid blob Scrolls H - an uncursed scroll of confuse monster Potions E - an uncursed potion of sleeping J - an uncursed potion of extra healing M - a blessed potion of full healing Rings D - an uncursed ring of warning named warning (on left hand) Z - an uncursed ring of conflict Wands w - an uncursed wand of make invisible (0:2) x - an uncursed wand of fire (0:2) I - a cursed wand of summoning (0:7) Tools h - an uncursed oil lamp (0:0) i - an uncursed leather drum s - a cursed lock pick t - an uncursed magic whistle F - an uncursed tallow candle (0:200) G - 4 uncursed wax candles (0:400) L - an uncursed partly used wax candle (lit) (0:172) P - a blessed tallow candle (0:200) T - an uncursed blindfold Spells and supernatural/magical abilities: Name Level Category Cost Memory a - force bolt 1 attack 5pw 96% n - detect monsters 1 divination 5pw 96% O - summoning 2 clerical 10pw 97% W - pray for help -- divine ? -- X - turn undead -- divine ? -- Your skills at the end: Fighting Skills wands [Basic] Weapon Skills mace [Skilled] Spellcasting Skills clerical spells [Basic] Final Attributes: You had strayed. You were immune to sleep. You were blinded. You saw invisible. You were warned. You had infravision. You were invisible. You had reflection. Huhetotl was noncommittal. You are dead. Vanquished creatures: a ghost 2 large mimics a small mimic an iron piercer a giant spider 2 gnome kings a dingo 2 dwarf lords a fire ant a water nymph a rock piercer a violet fungus 10 gnome lords a gnomish wizard 2 red naga hatchlings 4 elf zombies 2 paper golems a giant ant 12 dwarves a kobold lord a kobold shaman a giant bat an orc zombie a werejackal 2 killer bees an acid blob 2 coyotes 2 gas spores a hobbit a large kobold 2 hobgoblins a cave spider 2 brown molds a yellow mold 2 red molds 31 gnomes 2 garter snakes 6 geckos 15 jackals 3 goblins 2 sewer rats 7 grid bugs 5 bats 6 lichens a kobold zombie 3 newts 150 creatures vanquished. Voluntary challenges: You were an atheist. You used a wielded weapon 82 times, starting on turn 39. You read items or engraved 11 times, starting on turn 214. You never genocided any monsters. You never polymorphed an object. You never changed form. You used no wishes. You never split a pudding. You never wrote Elbereth's name. You violated your moral code, losing 33 points of alignment, starting on turn 4570. Dungeon overview: The Dungeons of Doom: levels 1 to 4 Level 1 (vault) a vault a long staircase Level 2 a scroll shop, a fountain Level 3 a general store, some fountains stairs to The Gnomish Mines Level 4 The Gnomish Mines: levels 4 to 11 Level 4 stairs to The Dungeons of Doom Level 5 Level 6 many shops, a temple to Quetzalcoatl, some fountains Level 7 Level 8 Level 11 <- You were here History has recorded: On T:1 you entered the Dungeons of Doom to retrieve the Amulet of Yendor! On T:18 you reached level 2 of The Dungeons of Doom. On T:1025 you advanced to experience level 2. On T:1097 you reached level 3 of The Dungeons of Doom. On T:1610 you reached level 4 of The Dungeons of Doom. On T:1680 you advanced to experience level 3. On T:2000 you reached level 1 of The Gnomish Mines. On T:2097 you advanced to experience level 4. On T:2338 you reached level 2 of The Gnomish Mines. On T:2707 you reached level 3 of The Gnomish Mines. On T:3319 you advanced to experience level 5. On T:3457 you reached level 4 of The Gnomish Mines. On T:4340 you reached level 5 of The Gnomish Mines. On T:4558 you reached level 8 of The Gnomish Mines. Score breakdown: Gold: 76 ( 6417 points) Experience: 5 levels (11141 points) Exploration: 11 levels ( 22.00%) (13552 points) Discoveries: 17 items ( 5.86%) ( 7263 points) Valuables value: (no points given unless you survive) Artifact value: 0 ( 0 points) Variety of kills: 46 monsters ( 12.11%) (10437 points) Turncount: 4574 turns (-1223 points) Survival: died (score multiplied by 80%) Total score: 38069 Latest messages: You are momentarily blinded by a flash of light! It misses. It bumps right into you! (2x) You hear a nearby zap. There's still a monster there. It misses. The bolt of fire hits it. The bolt of fire whizzes by it! Your conscience bothers you... It gets angry! The bolt of fire hits it. You miss it. You hear some noises in the distance. It hits! (2x) It misses. You smell a whiff of smoke. The bolt of fire whizzes by it! The bolt of fire hits it. It hits! It misses. It bites! You die... Final status: Goodbye #-# the Priestess, killed by a gargoyle... You died in The Gnomish Mines on dungeon level 11 with 38069 points, and 76 pieces of gold, after 4574 moves. You were level 5 with a maximum of 30 hit points when you died.